 Dungeon Crawl Stone Soup version 0.21.0-24-g2553a33 (webtiles) character file.

5623 Monsterracer the Basher (level 10, -14/64 (65) HPs)
             Began as a Tengu Abyssal Knight on Jan 19, 2018.
             Was a High Priest of Lugonu.
             Killed by divine providence
             ... invoked by an orc priest
              (15 damage)
             ... on level 9 of the Dungeon.
             The game lasted 00:09:02 (10238 turns).

Monsterracer the Basher (Tengu Abyssal Knight)     Turns: 10238, Time: 00:09:03

HP:   -14/64 (65)   AC: 10    Str: 15    XL:     10   Next: 73%
MP:   14/14         EV: 15    Int: 12    God:    Lugonu [*****.]
Gold: 482           SH:  0    Dex: 17    Spells: 9/9 levels left

rFire    . . .     SeeInvis .   a - +5 whip (elec)
rCold    . . .     Gourm    .   (no shield)
rNeg     . . .     Faith    .   d - +1 ring mail
rPois    +         Spirit   .   B - +0 hat
rElec    .         Reflect  .   t - +0 cloak
rCorr    .         Harm     .   n - +0 pair of gloves
MR       .....                  (boots unavailable)
Stlth    ..........             (no amulet)
HPRegen  0.20/turn              i - +2 ring of dexterity
MPRegen  0.14/turn              v - ring of poison resistance (curse) {!d}

@: confused
A: beak, talons 3, able to fly 1
a: Fly, Depart the Abyss, Bend Space, Banish, Corrupt, Enter the Abyss, Renounce
Religion


You were on level 9 of the Dungeon.
You worshipped Lugonu.
Lugonu was extremely pleased with you.
You were not hungry.

You visited 2 branches of the dungeon, and saw 10 of its levels.
You visited the Abyss 1 time.

You collected 482 gold pieces.

Inventory:

Hand Weapons
 a - a +5 whip of electrocution (weapon)
 s - a +0 flail
Armour
 d - a +1 ring mail (worn)
 n - a +0 pair of gloves (worn)
 t - a +0 cloak (worn)
 y - a +2 leather armour of fire resistance
 B - a +0 hat (worn)
Jewellery
 i - a +2 ring of dexterity (left hand)
 l - an uncursed ring of magical power
 v - a cursed ring of poison resistance (right hand) {!d}
 w - an uncursed ring of flight
Wands
 o - a wand of digging (8)
 q - a wand of iceblast (6)
 r - a wand of polymorph (21)
Scrolls
 f - 6 scrolls of teleportation
 g - 3 scrolls of amnesia
 k - a scroll of fear {!r}
 m - 8 scrolls of remove curse
 u - 4 scrolls of identify
Potions
 b - a potion of mutation {!q}
 e - a potion of cancellation
 h - 2 potions of might
 j - a potion of heal wounds
 p - 3 potions of curing
 z - 2 potions of ambrosia {!q}
 A - a potion of flight {unknown}
Comestibles
 c - 15 rations
 x - 2 chunks of flesh


   Skills:
 * Level 8.9 Fighting
 * Level 9.9 Maces & Flails
 + Level 6.7 Armour
 + Level 6.5 Dodging
 + Level 5.2 Invocations


You had 9 spell levels left.
You didn't know any spells.

Dungeon Overview and Level Annotations

Branches:
Dungeon (9/15)             Temple (1/1) D:5            Lair (0/6) D:8
    Orc (0/2) D:9

Altars:
Cheibriados
Kikubaaqudgha
Makhleb
Qazlal
Trog
Zin
The Shining One

Shops:
D:4 %

Annotations:
D:3 1 runed door


Innate Abilities, Weirdness & Mutations

You have a beak for a mouth.
You have claws for feet.
You can fly.


Message History

You feel resistant to fire.
You regained 2 hp, and now have 55/64 hp.
Wear which item? (? for menu, Esc to quit)
You start removing your armour.
You continue taking off your +2 leather armour of fire resistance. x4
You finish taking off your +2 leather armour of fire resistance.
You feel less resistant to fire.
You start putting on your armour.
You continue putting on your +1 ring mail. x5
You finish putting on your +1 ring mail.
You regained 2 hp, and now have 57/64 hp.
Wear which item? (? for menu, Esc to quit)
You start removing your armour.
You continue taking off your +1 ring mail. x4
You finish taking off your +1 ring mail.
You start putting on your armour.
You continue putting on your +2 leather armour of fire resistance. x5
You finish putting on your +2 leather armour of fire resistance.
You feel resistant to fire.
You regained 2 hp, and now have 59/64 hp.
Wear which item? (? for menu, Esc to quit)
You start removing your armour.
You continue taking off your +2 leather armour of fire resistance. x4
You finish taking off your +2 leather armour of fire resistance.
You feel less resistant to fire.
You start putting on your armour.
You continue putting on your +1 ring mail. x5
You finish putting on your +1 ring mail.
You regained 2 hp, and now have 61/64 hp.
Found a stone staircase leading down.
Health restored: 64
Found an escape hatch in the ceiling.
No target in view!
c - 14 rations (gained 1) Key pressed, stopping explore.
No target in view!
Key pressed, stopping explore.
No target in view!
No target in view!
Things that are here:
an uncursed quarterstaff; an uncursed hunting sling; 18 sling bullets You see here a sling bullet.
c - 15 rations (gained 1)
Found a hat.
No target in view!
Found a stone staircase leading down.
r - a wand of polymorph (21) (gained 8 charges)
You now have 482 gold pieces (gained 16).
You found a teleport trap!
Found 23 arrows.
Search for what [Enter for "glo", or ? for help]?
Okay, then.
You see here a hat.
B - a hat Wear which item? (? for menu, Esc to quit)
You start putting on your armour.
You continue putting on your hat. x4
You finish putting on your +0 hat.
You found a teleport trap!
No target in view!
An orc priest comes into view. It is wielding a club.
The orc priest shouts!
You hear a shout!
The orc priest moves out of view.
You hear a shout!
The orc priest calls down the wrath of Beogh upon you.
Beogh smites you!
You hear a shout!
An orc priest and an orc wizard come into view.
An orc comes into view. It is wielding a hand axe.
The orc shouts!
The orc priest shouts!
Found an escape hatch in the floor.
You take 12 damage, and have 52/64 hp.
An ogre comes into view. It is wielding a giant club.
The ogre shouts!
There are monsters nearby!
There are monsters nearby!
You hit the orc wizard. You claw the orc wizard.
The orc wizard is heavily wounded.
The orc priest invokes the aid of Beogh against you.
Beogh smites you!
The orc priest calls down the wrath of Beogh upon you.
Beogh smites you!
* * * LOW HITPOINT WARNING * * *
You take 26 damage, and have 27/64 hp.
MASSIVE DAMAGE!!
The orc priest calls upon Beogh to heal the orc wizard.
The orc wizard is healed somewhat.
The orc priest calls down the wrath of Beogh upon you.
Beogh smites you!
* * * LOW HITPOINT WARNING * * *
You take 14 damage, and have 13/64 hp.
MASSIVE DAMAGE!!
The orc wizard casts a spell at you. The magic dart hits you!
* * * LOW HITPOINT WARNING * * *
You take 5 damage, and have 8/64 hp.
The orc wizard gestures at you while chanting.
You are confused.
The orc priest calls down the wrath of Beogh upon you.
Pain shoots through your body!
* * * LOW HITPOINT WARNING * * *
The orc priest calls down the wrath of Beogh upon you.
Beogh smites you!
You die...

#...>...# #.......# ........#
........# ####.. #......#
....... #......##### #........
#.........o########.......(
#......O.o....^............
#......#..oo@.....>........
..........##................ #
..#.......####.#....#........
#....#####......#.............
....## ##..........#........
... #...........#...#.## .#
###.......#.^##...#
#....#....##.###...# ##.##
#.##.#.....#...##...


You could see an ogre, 2 orc priests, an orc wizard and an orc.

Vanquished Creatures
  A two-headed ogre (D:9)
  Pikel (D:7)
  Joseph (D:9)
  Grinder (D:5)
  2 hippogriffs
  A wyvern (D:8)
  A yak (D:8)
  Eustachio (D:5)
  A basilisk (D:8)
  2 water moccasins
  Duvessa (D:7)
  2 orc warriors
  A slave (D:7)
  A black bear (D:8)
  4 ogres
  A necrophage (D:8)
  A crocodile (D:8)
  4 bullfrogs
  A big kobold (D:8)
  Blork the orc (D:5)
  A wyvern zombie (D:7)
  Dowan (D:7)
  2 scorpions
  A howler monkey (D:8)
  2 crimson imps (D:5)
  2 centaur zombies
  An iron imp (D:7)
  4 orc wizards
  3 hounds
  An orc priest (D:3)
  2 jellies
  Crazy Yiuf (D:5)
  2 iguanas
  A bullfrog skeleton (D:9)
  4 worker ants
  3 killer bee zombies
  3 hound skeletons
  A worker ant zombie (D:7)
  Robin (D:2)
  10 gnolls
  10 adders
  A shadow imp (D:5)
  An ooze (D:3)
  2 adder zombies
  4 worms
  4 dart slugs
  8 leopard geckos
  26 orcs
  A ball python (D:4)
  5 giant cockroaches
  12 goblins
  8 hobgoblins
  9 jackals
  17 kobolds
  3 quokkas
  7 bats
  5 frilled lizards
  A quokka skeleton (D:4)
  8 rats
207 creatures vanquished.

Vanquished Creatures (others)
  A slave (D:7)
  A bullfrog (D:7)
  An ooze (D:7)
  2 fungi (D:8)
  A plant (D:8)
6 creatures vanquished.

Grand Total: 213 creatures vanquished

Notes
Turn   | Place    | Note
-------+----------+-------------------------------------------
     0 | Abyss:1  | Monsterracer the Tengu Abyssal Knight began the quest for the Orb.
     0 | Abyss:1  | Reached XP level 1. HP: 14/14 MP: 3/3
    97 | Abyss:1  | Noticed a glowing orange brain
    99 | Abyss:1  | Noticed an apocalypse crab
    99 | D:1      | Escaped the Abyss
   117 | D:1      | Reached * piety under Lugonu
   257 | D:1      | Reached skill level 3 in Maces & Flails
   257 | D:1      | Reached XP level 2. HP: 19/19 MP: 4/4
   505 | D:1      | Reached XP level 3. HP: 18/23 MP: 5/5
  1195 | D:2      | Found a stormy altar of Qazlal.
  1244 | D:2      | Reached skill level 4 in Maces & Flails
  1449 | D:2      | Reached XP level 4. HP: 28/28 MP: 6/6
  1494 | D:2      | Reached ** piety under Lugonu
  2165 | D:2      | Noticed Robin
  2194 | D:2      | HP: 11/28 [Robin/whip of electrocution (4)]
  2194 | D:2      | HP: 2/28 [Robin/whip of electrocution (9)]
  2196 | D:2      | Killed Robin
  2202 | D:2      | HP: 10/28 [hobgoblin/club[Robin] (3)]
  2532 | D:3      | Gained mutation: You can fly. [Tengu growth]
  2532 | D:3      | Reached XP level 5. HP: 29/32 MP: 7/7
  2651 | D:3      | Found a glowing golden altar of the Shining One.
  2652 | D:3      | Found a runed door.
  2652 | D:3      | Noticed an angel
  2886 | D:3      | Reached *** piety under Lugonu
  2886 | D:3      | Reached XP level 6. HP: 29/38 MP: 8/8
  3343 | D:3      | Reached skill level 5 in Maces & Flails
  3374 | D:3      | HP: 11/38 [gnoll/flail (11)]
  3742 | D:4      | Found a bloodstained altar of Trog.
  3822 | D:4      | Found a burning altar of Makhleb.
  4111 | D:4      | Reached XP level 7. HP: 36/44 MP: 9/9
  4355 | D:4      | Found Ritsik's Food Emporium.
  4848 | D:5      | Entered Level 5 of the Dungeon
  4990 | D:5      | Noticed Eustachio
  4998 | D:5      | Killed Eustachio
  4998 | D:5      | Reached skill level 5 in Fighting
  4998 | D:5      | Reached skill level 6 in Maces & Flails
  5082 | D:5      | Noticed Grinder
  5087 | D:5      | Paralysed by Grinder for 3 turns
  5093 | D:5      | HP: 21/44 [Grinder (2)]
  5094 | D:5      | HP: 8/44 [Grinder/nerve-wracking pain (13)]
  5095 | D:5      | Killed Grinder
  5095 | D:5      | Reached XP level 8. HP: 9/50 MP: 11/11
  5518 | D:5      | Found a staircase to the Ecumenical Temple.
  5693 | D:5      | Noticed Blork the orc
  5697 | D:5      | Killed Blork the orc
  5881 | D:5      | Found a runed door.
  6026 | D:5      | Noticed Crazy Yiuf
  6031 | D:5      | Killed Crazy Yiuf
  6066 | Temple   | Entered the Ecumenical Temple
  6249 | D:6      | Reached skill level 7 in Maces & Flails
  6293 | D:6      | Reached **** piety under Lugonu
  6562 | D:7      | Found an ancient bone altar of Kikubaaqudgha.
  6655 | D:7      | Found a snail-covered altar of Cheibriados.
  6696 | D:7      | Noticed Pikel
  6716 | D:7      | Killed Pikel
  6716 | D:7      | Reached skill level 5 in Armour
  6716 | D:7      | Reached XP level 9. HP: 55/56 MP: 12/12
  6724 | D:7      | Found a bloodstained altar of Trog.
  6739 | D:7      | Reached skill level 8 in Maces & Flails
  6739 | D:7      | Reached skill level 5 in Dodging
  6985 | D:7      | Noticed Duvessa
  6985 | D:7      | Noticed Dowan
  6991 | D:7      | Killed Duvessa
  6995 | D:7      | Killed Dowan
  7477 | D:7      | Found a glowing golden altar of the Shining One.
  7602 | D:7      | Found a glowing silver altar of Zin.
  7976 | D:8      | Reached skill level 9 in Maces & Flails
  7976 | D:8      | Reached XP level 10. HP: 51/63 MP: 14/14
  8119 | D:8      | Found a staircase to the Lair.
  8138 | D:8      | HP: 30/63 [water moccasin (6)]
  8650 | D:8      | HP: 23/63 [wyvern (15)]
  8968 | D:8      | HP: 32/64 [poisoned by an orc warrior]
  8973 | D:8      | HP: 31/64 [poisoned by an orc warrior]
  8978 | D:8      | HP: 30/64 [poisoned by an orc warrior]
  8986 | D:8      | HP: 30/64 [poisoned by an orc warrior]
  9511 | D:8      | Reached skill level 5 in Invocations
  9961 | D:9      | Noticed a two-headed ogre
  9962 | D:9      | Found a staircase to the Orcish Mines.
  9967 | D:9      | Killed a two-headed ogre
  9972 | D:9      | Reached ***** piety under Lugonu
 10058 | D:9      | Noticed Joseph
 10084 | D:9      | Killed Joseph
 10230 | D:9      | HP: 27/64 [orc priest/divine providence (16)]
 10233 | D:9      | HP: 13/64 [orc priest/divine providence (14)]
 10238 | D:9      | HP: 1/64 [orc priest/nerve-wracking pain (8)]
 10238 | D:9      | Killed from afar by an orc priest

Skill      XL: |  1  2  3  4  5  6  7  8  9 10 |
---------------+-------------------------------+-----
Maces & Flails | 3 4 5 6 7 9 |  9.9
Dodging        | 2 3 4 5 6 |  6.5
Fighting       | 4 5 6 7 8 |  8.9
Armour         | 3 4 5 6 |  6.7
Invocations    | 2 3 4 5 |  5.2

Action                   |  1- 3 |  4- 6 |  7- 9 | 10-12 || total
-------------------------+-------+-------+-------+-------++-------
Melee: Mace              |    79 |     2 |       |       ||    81
       Kick              |    20 |    31 |    72 |    31 ||   154
       Peck              |     6 |    21 |    50 |    17 ||    94
       Dagger            |     3 |    55 |       |       ||    58
       Whip              |       |    82 |   237 |   115 ||   434
Invok: Depart the Abyss  |     1 |       |       |       ||     1
  Use: Potion            |       |     2 |       |       ||     2
       Scroll            |       |    12 |     4 |     3 ||    19
  Eat: Chunk             |     2 |     8 |    12 |     7 ||    29
Armor: Leather armour    |     3 |       |       |       ||     3
       Ring mail         |    34 |    34 |    51 |    33 ||   152
Dodge: Dodged            |    42 |    80 |    94 |    52 ||   268

Vault maps used:
D:1:      lightli_arrival_boilingwater, kennysheep_small_spiral,
          minmay_misc_feat_cross
D:2:      grunt_qazlal_clouds, uniq_robin
D:3:      lemuel_angel_altar
D:4:      old_standard_altar, serial_shops, shop_statue, trog_butcher_becter
D:5:      minmay_temple_entry_glass, first_ration, uniq_eustachio,
          uniq_blork_the_orc, uniq_grinder, uniq_crazy_yiuf_cottage
D:7:      bloody_trog, marbit_many_paths, overflow_temple_1_default,
          slow_altar_1, basic_altar, uniq_pikel, uniq_duvessa,
          uniq_prince_ribbit1
D:8:      david_lair_generic
D:9:      kennysheep_mini, orc_0_dummy, uniq_joseph
Temple:   regret_index_temple_generic_petals
